Senators vs Penguins

Created - November 12 2007 at 18:43

Goals
1 2 3 T
Senators 1 2 0 3
Penguins 0 1 0 1
Shots
1 2 3 T
Senators 11 6 8 25
Penguins 4 8 8 20

Period #1

1. Senators , Anton Volchenkov 5 (Antoine Vermette, Alexander Radulov) at 18:39 (PP)

Penalties :
Andrej Meszaros (OTT) for Hooking (Minor) at 5:16, Josef Melichar (PIT) for Goalie Interference (Minor) at 6:31, Josef Melichar (PIT) for Hooking (Minor) at 9:45, Martin Lapointe (PIT) for Hooking (Minor) at 13:31, Jarkko Ruutu (PIT) for Roughing (Minor) at 17:22, Evgeni Malkin (PIT) for Holding (Minor) at 18:27

Period #2

2. Senators , Jay Bouwmeester 8 (Mike Cammalleri, Jason Spezza) at 5:45 (PP)
3. Penguins , Scott Hannan 1 (Sidney Crosby, Marian Hossa) at 10:25 (PP)
4. Senators , Peter Schaefer 5 (Rostislav Olesz) at 17:14

Penalties :
Jarkko Ruutu (PIT) for Goalie Interference (Minor) at 3:46, Anton Volchenkov (OTT) for Interference (Minor) at 6:06, Mike Cammalleri (OTT) for Interference (Minor) at 9:25, Jere Lehtinen (PIT) for Hooking (Minor) at 12:10, Jay Bouwmeester (OTT) for Tripping (Minor) at 13:53

Period #3

No Goal

Penalties :
Anton Volchenkov (OTT) for Hooking (Minor) at 4:56, Jere Lehtinen (PIT) for Hooking (Minor) at 11:49, Kris Draper (PIT) for Cross-checking (Minor) at 15:55, Kris Draper (PIT) for Hooking (Minor) at 18:18

Goalie Stats

Kari Lehtonen (OTT), 19 saves from 20 shots - (0.950), W, 10-5-0, 60:00 minutes
Marc-Andre Fleury (PIT), 22 saves from 25 shots - (0.880), L, 7-13-0, 60:00 minutes

Players Stats

Senators
Player Name              G  A  P  +/- PIM S  H  SB FO MP 
-----------------------------------------------------------
Alexander Radulov        0  1  1   0  0   1  0  0  1  14 
Andrej Meszaros          0  0  0   0  2   0  0  2  0  11 
Antoine Vermette         0  1  1   0  0   5  0  0  21 19 
Anton Volchenkov         1  0  1   1  4   1  1  3  0  22 
Chris Kelly              0  0  0   0  0   1  0  0  16 13 
Dan Hamhuis              0  0  0   0  0   1  1  1  0  23 
Dustin Penner            0  0  0   0  0   2  0  0  0  17 
Ilya Kovalchuk           0  0  0   0  0   4  0  0  2  21 
Jason Spezza             0  1  1   0  0   6  0  0  24 21 
Jay Bouwmeester          1  0  1   0  2   2  1  3  0  23 
Jean-Pierre Dumont       0  0  0   1  0   0  0  0  2  20 
Marc-Andre Bergeron      0  0  0   0  0   0  0  3  0  23 
Mike Cammalleri          0  1  1   0  2   1  0  0  1  20 
Patrick Eaves            0  0  0   0  0   0  0  0  0  7  
Peter Schaefer           1  0  1   1  0   1  1  0  0  15 
Petr Prucha              0  0  0   0  0   0  0  0  0  7  
Rostislav Olesz          0  1  1   1  0   0  3  0  10 12 
Tom Preissing            0  0  0   1  0   0  0  0  0  20 
Penguins
Player Name              G  A  P  +/- PIM S  H  SB FO MP 
-----------------------------------------------------------
Brooks Orpik             0  0  0   0  0   0  1  0  0  13 
Christian Backman        0  0  0   0  0   1  1  1  0  23 
Dallas Drake             0  0  0   0  0   0  0  0  0  6  
Dominic Moore            0  0  0   0  0   0  0  0  1  13 
Evgeni Malkin            0  0  0  -1  2   0  0  1  10 19 
Glen Wesley              0  0  0   0  0   0  1  4  0  20 
Jarkko Ruutu             0  0  0   0  4   1  1  0  0  12 
Jere Lehtinen            0  0  0   0  4   3  0  0  19 19 
Josef Melichar           0  0  0   0  4   0  1  1  0  23 
Kris Draper              0  0  0   0  4   0  0  1  8  15 
Marian Hossa             0  1  1  -1  0   1  0  0  0  18 
Mark Bell                0  0  0   0  0   2  1  1  8  17 
Mark Parrish             0  0  0   0  0   0  0  0  1  12 
Martin Lapointe          0  0  0   0  2   1  0  0  6  12 
Noah Welch               0  0  0  -1  0   0  0  0  0  16 
Scott Hannan             1  0  1  -1  0   2  0  0  0  20 
Sidney Crosby            0  1  1  -1  0   6  1  0  22 20 
Taylor Pyatt             0  0  0   0  0   3  2  0  2  20 

3 Stars

1 - Kari Lehtonen (OTT)
2 - Anton Volchenkov (OTT)
3 - Peter Schaefer (OTT)

Power Play

Senators - 2 on 10 Attempt(s) - 20.00%
Penguins - 1 on 5 Attempt(s) - 20.00%

Penalty Kill

Senators - 4 on 5 Attempt(s) - 80.00% - Score 0 goal in Penalty Kill
Penguins - 8 on 10 Attempt(s) - 80.00% - Score 0 goal in Penalty Kill

Game Notes

No Game Note

Finance

Level 1 -- Attendance: 3168 (59.77%) -- Ticket Income $294,624.00
Level 2 -- Attendance: 3801 (75.67%) -- Ticket Income $209,055.00
Level 3 -- Attendance: 1692 (84.62%) -- Ticket Income $55,836.00
Level 4 -- Attendance: 3210 (80.26%) -- Ticket Income $54,570.00
Luxury Box -- Attendance: 893 (89.33%) -- Ticket Income $165,205.00
Game was played at the Mellon Arena
Total Attendance: 12764 (73.68%)
Total Ticket Income: $827,835.50
Other Income: $158,975.40
Total Income: $986,811.00


Play by Play

Period #1

0:01 of 1st period - Evgeni Malkin wins face-off versus Antoine Vermette in neutral zone.
1:40 of 1st period - Shot by Jason Spezza.
1:40 of 1st period - Stopped by Marc-Andre Fleury without a rebound.
1:41 of 1st period - Dominic Moore wins face-off versus Rostislav Olesz in Penguins zone.
2:01 of 1st period - Jean-Pierre Dumont is hit by Mark Bell and loses puck.
2:04 of 1st period - Shot by Peter Schaefer.
2:04 of 1st period - Shot Blocked by Glen Wesley.
2:06 of 1st period - Shot by Rostislav Olesz.
2:06 of 1st period - Deflect By Jean-Pierre Dumont.
2:06 of 1st period - Shot Misses the Net.
2:34 of 1st period - Shot by Ilya Kovalchuk.
2:34 of 1st period - Stopped by Marc-Andre Fleury without a rebound.
2:35 of 1st period - Kris Draper wins face-off versus Jason Spezza in Penguins zone.
3:01 of 1st period - Shot by Jason Spezza.
3:01 of 1st period - Stopped by Marc-Andre Fleury without a rebound.
3:02 of 1st period - Jere Lehtinen wins face-off versus Chris Kelly in Penguins zone.
3:27 of 1st period - Shot by Jere Lehtinen.
3:27 of 1st period - Stopped by Kari Lehtonen with a rebound.
5:03 of 1st period - Shot by Sidney Crosby.
5:03 of 1st period - Stopped by Kari Lehtonen with a rebound.
5:07 of 1st period - Shot by Sidney Crosby.
5:07 of 1st period - Stopped by Kari Lehtonen without a rebound.
5:08 of 1st period - Jason Spezza wins face-off versus Sidney Crosby in Senators zone.
5:16 of 1st period - Minor Penalty to Andrej Meszaros for Hooking.
5:17 of 1st period - Martin Lapointe wins face-off versus Antoine Vermette in Penguins zone.
5:45 of 1st period - Taylor Pyatt is hit by Jay Bouwmeester and loses puck.
6:03 of 1st period - Icing by Christian Backman.
6:04 of 1st period - Antoine Vermette wins face-off versus Martin Lapointe in Penguins zone.
6:31 of 1st period - Minor Penalty to Josef Melichar for Goalie Interference.
6:32 of 1st period - Sidney Crosby wins face-off versus Chris Kelly in Penguins zone.
6:54 of 1st period - Icing by Anton Volchenkov.
6:55 of 1st period - Chris Kelly wins face-off versus Sidney Crosby in Senators zone.
7:09 of 1st period - Off-side.
7:10 of 1st period - Jere Lehtinen wins face-off versus Rostislav Olesz in neutral zone.
7:13 of 1st period - Shot by Jere Lehtinen.
7:13 of 1st period - Shot Blocked by Jay Bouwmeester.
7:35 of 1st period - Shot by Ilya Kovalchuk.
7:35 of 1st period - Shot Misses the Net.
7:39 of 1st period - Shot by Jason Spezza.
7:39 of 1st period - Stopped by Marc-Andre Fleury without a rebound.
7:40 of 1st period - Antoine Vermette wins face-off versus Jere Lehtinen in Penguins zone.
7:47 of 1st period - Shot by Antoine Vermette.
7:47 of 1st period - Stopped by Marc-Andre Fleury without a rebound.
7:48 of 1st period - Kris Draper wins face-off versus Jason Spezza in Penguins zone.
7:54 of 1st period - Icing by Tom Preissing.
7:55 of 1st period - Jere Lehtinen wins face-off versus Jason Spezza in Senators zone.
8:46 of 1st period - Mark Parrish is hit by Anton Volchenkov and loses puck.
8:51 of 1st period - Shot by Mark Bell.
8:51 of 1st period - Shot Blocked by Anton Volchenkov.
9:45 of 1st period - Minor Penalty to Josef Melichar for Hooking.
9:46 of 1st period - Sidney Crosby wins face-off versus Jason Spezza in neutral zone.
9:52 of 1st period - Icing by Marc-Andre Bergeron.
9:53 of 1st period - Sidney Crosby wins face-off versus Jason Spezza in Senators zone.
10:02 of 1st period - Mike Cammalleri is hit by Sidney Crosby and loses puck.
10:09 of 1st period - Shot by Ilya Kovalchuk.
10:09 of 1st period - Shot Misses the Net.
10:13 of 1st period - Shot by Jason Spezza.
10:13 of 1st period - Shot Misses the Net.
11:02 of 1st period - Alexander Radulov is hit by Taylor Pyatt and loses puck.
11:19 of 1st period - Shot by Ilya Kovalchuk.
11:19 of 1st period - Stopped by Marc-Andre Fleury without a rebound.
11:20 of 1st period - Jere Lehtinen wins face-off versus Antoine Vermette in Penguins zone.
11:51 of 1st period - Shot by Chris Kelly.
11:51 of 1st period - Shot Misses the Net.
11:53 of 1st period - Shot by Jay Bouwmeester.
11:53 of 1st period - Stopped by Marc-Andre Fleury without a rebound.
11:54 of 1st period - Mark Bell wins face-off versus Chris Kelly in Penguins zone.
13:04 of 1st period - Shot by Taylor Pyatt.
13:04 of 1st period - Stopped by Kari Lehtonen with a rebound.
13:31 of 1st period - Minor Penalty to Martin Lapointe for Hooking.
13:32 of 1st period - Sidney Crosby wins face-off versus Antoine Vermette in neutral zone.
13:44 of 1st period - Off-side.
13:45 of 1st period - Sidney Crosby wins face-off versus Antoine Vermette in neutral zone.
13:51 of 1st period - Off-side.
13:52 of 1st period - Sidney Crosby wins face-off versus Antoine Vermette in neutral zone.
14:59 of 1st period - Shot by Mike Cammalleri.
14:59 of 1st period - Stopped by Marc-Andre Fleury without a rebound.
15:00 of 1st period - Sidney Crosby wins face-off versus Ilya Kovalchuk in Penguins zone.
15:16 of 1st period - Icing by Jay Bouwmeester.
15:17 of 1st period - Jere Lehtinen wins face-off versus Jason Spezza in Senators zone.
15:59 of 1st period - Petr Prucha is hit by Brooks Orpik and loses puck.
16:29 of 1st period - Shot by Mark Parrish.
16:29 of 1st period - Shot Misses the Net.
17:10 of 1st period - Tom Preissing is hit by Taylor Pyatt and loses puck.
17:22 of 1st period - Minor Penalty to Jarkko Ruutu for Roughing.
17:23 of 1st period - Evgeni Malkin wins face-off versus Jason Spezza in neutral zone.
17:36 of 1st period - Shot by Mike Cammalleri.
17:36 of 1st period - Shot Misses the Net.
17:54 of 1st period - Shot by Jason Spezza.
17:54 of 1st period - Shot Blocked by Glen Wesley.
18:15 of 1st period - Shot by Alexander Radulov.
18:15 of 1st period - Shot Misses the Net.
18:27 of 1st period - Minor Penalty to Evgeni Malkin for Holding.
18:28 of 1st period - Sidney Crosby wins face-off versus Antoine Vermette in Penguins zone.
18:37 of 1st period - Shot by Antoine Vermette.
18:37 of 1st period - Stopped by Marc-Andre Fleury with a rebound.
18:39 of 1st period - Shot by Anton Volchenkov.
18:39 of 1st period - Goal by Anton Volchenkov - Senators : 1 - Penguins : 0.
18:40 of 1st period - Jere Lehtinen wins face-off versus Jason Spezza in neutral zone.
18:54 of 1st period - Icing by Jay Bouwmeester.
18:55 of 1st period - Jason Spezza wins face-off versus Jere Lehtinen in Senators zone.
19:08 of 1st period - Shot by Ilya Kovalchuk.
19:08 of 1st period - Stopped by Marc-Andre Fleury without a rebound.
19:09 of 1st period - Jere Lehtinen wins face-off versus Antoine Vermette in Penguins zone.
19:33 of 1st period - Antoine Vermette is hit by Josef Melichar and loses puck.

Period #2

0:01 of 2nd period - Jason Spezza wins face-off versus Sidney Crosby in neutral zone.
1:07 of 2nd period - Mark Parrish is hit by Rostislav Olesz and loses puck.
3:08 of 2nd period - Shot by Jason Spezza.
3:08 of 2nd period - Shot Misses the Net.
3:12 of 2nd period - Shot by Jason Spezza.
3:12 of 2nd period - Shot Blocked by Glen Wesley.
3:16 of 2nd period - Shot by Ilya Kovalchuk.
3:16 of 2nd period - Deflect By Jason Spezza.
3:16 of 2nd period - Stopped by Marc-Andre Fleury without a rebound.
3:17 of 2nd period - Rostislav Olesz wins face-off versus Jere Lehtinen in Penguins zone.
3:34 of 2nd period - Shot by Jean-Pierre Dumont.
3:34 of 2nd period - Shot Blocked by Christian Backman.
3:37 of 2nd period - Icing by Jarkko Ruutu.
3:38 of 2nd period - Jason Spezza wins face-off versus Jere Lehtinen in Penguins zone.
3:46 of 2nd period - Minor Penalty to Jarkko Ruutu for Goalie Interference.
3:47 of 2nd period - Sidney Crosby wins face-off versus Ilya Kovalchuk in Penguins zone.
3:53 of 2nd period - Icing by Marc-Andre Bergeron.
3:54 of 2nd period - Sidney Crosby wins face-off versus Jason Spezza in Senators zone.
4:29 of 2nd period - Shot by Ilya Kovalchuk.
4:29 of 2nd period - Stopped by Marc-Andre Fleury with a rebound.
5:01 of 2nd period - Shot by Antoine Vermette.
5:01 of 2nd period - Shot Misses the Net.
5:43 of 2nd period - Shot by Mike Cammalleri.
5:43 of 2nd period - Shot Misses the Net.
5:45 of 2nd period - Shot by Jay Bouwmeester.
5:45 of 2nd period - Goal by Jay Bouwmeester - Senators : 2 - Penguins : 0.
5:46 of 2nd period - Chris Kelly wins face-off versus Mark Bell in neutral zone.
6:06 of 2nd period - Minor Penalty to Anton Volchenkov for Interference.
6:07 of 2nd period - Martin Lapointe wins face-off versus Chris Kelly in Penguins zone.
6:24 of 2nd period - Shot by Taylor Pyatt.
6:24 of 2nd period - Shot Misses the Net.
6:29 of 2nd period - Martin Lapointe is hit by Peter Schaefer and loses puck.
6:40 of 2nd period - Shot by Martin Lapointe.
6:40 of 2nd period - Shot Misses the Net.
7:24 of 2nd period - Shot by Sidney Crosby.
7:24 of 2nd period - Stopped by Kari Lehtonen without a rebound.
7:25 of 2nd period - Martin Lapointe wins face-off versus Chris Kelly in Senators zone.
7:54 of 2nd period - Shot by Dallas Drake.
7:54 of 2nd period - Shot Misses the Net.
9:18 of 2nd period - Shot by Jason Spezza.
9:18 of 2nd period - Shot Misses the Net.
9:25 of 2nd period - Minor Penalty to Mike Cammalleri for Interference.
9:26 of 2nd period - Sidney Crosby wins face-off versus Chris Kelly in Senators zone.
9:55 of 2nd period - Shot by Sidney Crosby.
9:55 of 2nd period - Stopped by Kari Lehtonen without a rebound.
9:56 of 2nd period - Martin Lapointe wins face-off versus Chris Kelly in Senators zone.
10:13 of 2nd period - Shot by Taylor Pyatt.
10:13 of 2nd period - Stopped by Kari Lehtonen without a rebound.
10:14 of 2nd period - Sidney Crosby wins face-off versus Chris Kelly in Senators zone.
10:23 of 2nd period - Shot by Sidney Crosby.
10:23 of 2nd period - Shot Blocked by Jay Bouwmeester.
10:25 of 2nd period - Shot by Scott Hannan.
10:25 of 2nd period - Goal by Scott Hannan - Senators : 2 - Penguins : 1.
10:26 of 2nd period - Antoine Vermette wins face-off versus Mark Parrish in neutral zone.
10:43 of 2nd period - Shot by Mark Bell.
10:43 of 2nd period - Shot Misses the Net.
10:45 of 2nd period - Shot by Dominic Moore.
10:45 of 2nd period - Shot Misses the Net.
10:51 of 2nd period - Shot by Mark Parrish.
10:51 of 2nd period - Shot Misses the Net.
10:53 of 2nd period - Shot by Scott Hannan.
10:53 of 2nd period - Shot Blocked by Jay Bouwmeester.
10:55 of 2nd period - Shot by Glen Wesley.
10:55 of 2nd period - Shot Blocked by Dan Hamhuis.
11:10 of 2nd period - Icing by Dominic Moore.
11:11 of 2nd period - Jason Spezza wins face-off versus Mark Bell in Penguins zone.
11:11 of 2nd period - Ilya Kovalchuk is hit by Glen Wesley and loses puck.
12:10 of 2nd period - Minor Penalty to Jere Lehtinen for Hooking.
12:11 of 2nd period - Jean-Pierre Dumont wins face-off versus Sidney Crosby in Senators zone.
12:15 of 2nd period - Off-side.
12:16 of 2nd period - Antoine Vermette wins face-off versus Sidney Crosby in neutral zone.
13:14 of 2nd period - Off-side.
13:15 of 2nd period - Jason Spezza wins face-off versus Evgeni Malkin in neutral zone.
13:20 of 2nd period - Off-side.
13:21 of 2nd period - Sidney Crosby wins face-off versus Jason Spezza in neutral zone.
13:53 of 2nd period - Minor Penalty to Jay Bouwmeester for Tripping.
13:54 of 2nd period - Sidney Crosby wins face-off versus Chris Kelly in neutral zone.
14:10 of 2nd period - Shot by Sidney Crosby.
14:10 of 2nd period - Stopped by Kari Lehtonen without a rebound.
14:11 of 2nd period - Martin Lapointe wins face-off versus Alexander Radulov in Senators zone.
15:22 of 2nd period - Shot by Evgeni Malkin.
15:22 of 2nd period - Shot Misses the Net.
16:06 of 2nd period - Shot by Mark Parrish.
16:06 of 2nd period - Shot Misses the Net.
16:09 of 2nd period - Icing by Andrej Meszaros.
16:10 of 2nd period - Jere Lehtinen wins face-off versus Mike Cammalleri in Senators zone.
16:13 of 2nd period - Shot by Taylor Pyatt.
16:13 of 2nd period - Shot Misses the Net.
16:15 of 2nd period - Shot by Christian Backman.
16:15 of 2nd period - Stopped by Kari Lehtonen without a rebound.
16:16 of 2nd period - Kris Draper wins face-off versus Antoine Vermette in Senators zone.
16:27 of 2nd period - Shot by Antoine Vermette.
16:27 of 2nd period - Stopped by Marc-Andre Fleury with a rebound.
17:00 of 2nd period - Shot by Jere Lehtinen.
17:00 of 2nd period - Stopped by Kari Lehtonen without a rebound.
17:01 of 2nd period - Jason Spezza wins face-off versus Mark Bell in Senators zone.
17:12 of 2nd period - Shot by Jason Spezza.
17:12 of 2nd period - Stopped by Marc-Andre Fleury without a rebound.
17:13 of 2nd period - Rostislav Olesz wins face-off versus Evgeni Malkin in Penguins zone.
17:14 of 2nd period - Shot by Peter Schaefer.
17:14 of 2nd period - Goal by Peter Schaefer - Senators : 3 - Penguins : 1.
17:15 of 2nd period - Jere Lehtinen wins face-off versus Rostislav Olesz in neutral zone.
17:18 of 2nd period - Shot by Taylor Pyatt.
17:18 of 2nd period - Shot Blocked by Anton Volchenkov.
17:20 of 2nd period - Shot by Taylor Pyatt.
17:20 of 2nd period - Shot Misses the Net.
17:34 of 2nd period - Shot by Jarkko Ruutu.
17:34 of 2nd period - Stopped by Kari Lehtonen without a rebound.
17:35 of 2nd period - Jason Spezza wins face-off versus Evgeni Malkin in Senators zone.
17:58 of 2nd period - Shot by Evgeni Malkin.
17:58 of 2nd period - Shot Blocked by Andrej Meszaros.
18:04 of 2nd period - Shot by Sidney Crosby.
18:04 of 2nd period - Deflect By Evgeni Malkin.
18:04 of 2nd period - Shot Misses the Net.
18:25 of 2nd period - Off-side.
18:26 of 2nd period - Jere Lehtinen wins face-off versus Chris Kelly in neutral zone.
19:03 of 2nd period - Icing by Jere Lehtinen.
19:04 of 2nd period - Rostislav Olesz wins face-off versus Jere Lehtinen in Penguins zone.
19:19 of 2nd period - Shot by Jean-Pierre Dumont.
19:19 of 2nd period - Shot Misses the Net.

Period #3

0:01 of 3rd period - Antoine Vermette wins face-off versus Evgeni Malkin in neutral zone.
0:28 of 3rd period - Shot by Antoine Vermette.
0:28 of 3rd period - Stopped by Marc-Andre Fleury with a rebound.
0:32 of 3rd period - Shot by Antoine Vermette.
0:32 of 3rd period - Deflect By Alexander Radulov.
0:32 of 3rd period - Stopped by Marc-Andre Fleury with a rebound.
1:03 of 3rd period - Shot by Taylor Pyatt.
1:03 of 3rd period - Shot Misses the Net.
1:05 of 3rd period - Shot by Jere Lehtinen.
1:05 of 3rd period - Shot Blocked by Andrej Meszaros.
1:09 of 3rd period - Shot by Taylor Pyatt.
1:09 of 3rd period - Deflect By Jere Lehtinen.
1:09 of 3rd period - Shot Misses the Net.
1:19 of 3rd period - Shot by Taylor Pyatt.
1:19 of 3rd period - Shot Misses the Net.
1:31 of 3rd period - Shot by Jere Lehtinen.
1:31 of 3rd period - Shot Misses the Net.
2:56 of 3rd period - Icing by Glen Wesley.
2:57 of 3rd period - Antoine Vermette wins face-off versus Mark Bell in Penguins zone.
3:37 of 3rd period - Taylor Pyatt is hit by Dan Hamhuis and loses puck.
3:43 of 3rd period - Icing by Jay Bouwmeester.
3:44 of 3rd period - Kris Draper wins face-off versus Antoine Vermette in Senators zone.
4:15 of 3rd period - Shot by Sidney Crosby.
4:15 of 3rd period - Stopped by Kari Lehtonen without a rebound.
4:16 of 3rd period - Rostislav Olesz wins face-off versus Jere Lehtinen in Senators zone.
4:16 of 3rd period - Peter Schaefer is hit by Jarkko Ruutu and loses puck.
4:23 of 3rd period - Shot by Jere Lehtinen.
4:23 of 3rd period - Shot Misses the Net.
4:34 of 3rd period - Christian Backman is hit by Rostislav Olesz and loses puck.
4:56 of 3rd period - Minor Penalty to Anton Volchenkov for Hooking.
4:57 of 3rd period - Chris Kelly wins face-off versus Sidney Crosby in neutral zone.
6:06 of 3rd period - Shot by Taylor Pyatt.
6:06 of 3rd period - Stopped by Kari Lehtonen with a rebound.
7:10 of 3rd period - Shot by Dominic Moore.
7:10 of 3rd period - Shot Misses the Net.
7:12 of 3rd period - Shot by Mark Parrish.
7:12 of 3rd period - Shot Blocked by Marc-Andre Bergeron.
8:25 of 3rd period - Off-side.
8:26 of 3rd period - Chris Kelly wins face-off versus Evgeni Malkin in neutral zone.
9:17 of 3rd period - Shot by Jere Lehtinen.
9:17 of 3rd period - Stopped by Kari Lehtonen without a rebound.
9:18 of 3rd period - Jere Lehtinen wins face-off versus Jean-Pierre Dumont in Senators zone.
10:07 of 3rd period - Shot by Mike Cammalleri.
10:07 of 3rd period - Deflect By Jason Spezza.
10:07 of 3rd period - Stopped by Marc-Andre Fleury without a rebound.
10:08 of 3rd period - Mark Bell wins face-off versus Antoine Vermette in Penguins zone.
10:15 of 3rd period - Shot by Mark Bell.
10:15 of 3rd period - Stopped by Kari Lehtonen without a rebound.
10:16 of 3rd period - Chris Kelly wins face-off versus Kris Draper in Senators zone.
10:32 of 3rd period - Shot by Chris Kelly.
10:32 of 3rd period - Stopped by Marc-Andre Fleury without a rebound.
10:33 of 3rd period - Jason Spezza wins face-off versus Mark Bell in Penguins zone.
10:38 of 3rd period - Shot by Ilya Kovalchuk.
10:38 of 3rd period - Shot Misses the Net.
10:50 of 3rd period - Shot by Mike Cammalleri.
10:50 of 3rd period - Shot Misses the Net.
11:39 of 3rd period - Josef Melichar is hit by Rostislav Olesz and loses puck.
11:46 of 3rd period - Shot by Peter Schaefer.
11:46 of 3rd period - Shot Blocked by Josef Melichar.
11:49 of 3rd period - Minor Penalty to Jere Lehtinen for Hooking.
11:50 of 3rd period - Antoine Vermette wins face-off versus Sidney Crosby in Penguins zone.
11:53 of 3rd period - Shot by Antoine Vermette.
11:53 of 3rd period - Shot Misses the Net.
12:13 of 3rd period - Shot by Antoine Vermette.
12:13 of 3rd period - Deflect By Jean-Pierre Dumont.
12:13 of 3rd period - Shot Blocked by Kris Draper.
12:40 of 3rd period - Icing by Marc-Andre Bergeron.
12:41 of 3rd period - Jason Spezza wins face-off versus Evgeni Malkin in Senators zone.
12:45 of 3rd period - Jay Bouwmeester is hit by Christian Backman and loses puck.
13:32 of 3rd period - Shot by Dustin Penner.
13:32 of 3rd period - Stopped by Marc-Andre Fleury without a rebound.
13:33 of 3rd period - Antoine Vermette wins face-off versus Taylor Pyatt in Penguins zone.
13:40 of 3rd period - Shot by Antoine Vermette.
13:40 of 3rd period - Stopped by Marc-Andre Fleury without a rebound.
13:41 of 3rd period - Taylor Pyatt wins face-off versus Jason Spezza in Penguins zone.
14:00 of 3rd period - Shot by Martin Lapointe.
14:00 of 3rd period - Shot Misses the Net.
14:18 of 3rd period - Shot by Martin Lapointe.
14:18 of 3rd period - Stopped by Kari Lehtonen without a rebound.
14:19 of 3rd period - Rostislav Olesz wins face-off versus Mark Bell in Senators zone.
14:34 of 3rd period - Shot by Mark Parrish.
14:34 of 3rd period - Shot Blocked by Anton Volchenkov.
14:36 of 3rd period - Shot by Mark Bell.
14:36 of 3rd period - Stopped by Kari Lehtonen with a rebound.
14:38 of 3rd period - Shot by Scott Hannan.
14:38 of 3rd period - Stopped by Kari Lehtonen without a rebound.
14:39 of 3rd period - Jason Spezza wins face-off versus Jere Lehtinen in Senators zone.
14:44 of 3rd period - Shot by Jason Spezza.
14:44 of 3rd period - Shot Misses the Net.
15:06 of 3rd period - Shot by Taylor Pyatt.
15:06 of 3rd period - Shot Blocked by Marc-Andre Bergeron.
15:10 of 3rd period - Shot by Jere Lehtinen.
15:10 of 3rd period - Shot Misses the Net.
15:23 of 3rd period - Icing by Mike Cammalleri.
15:24 of 3rd period - Evgeni Malkin wins face-off versus Jason Spezza in Senators zone.
15:32 of 3rd period - Shot by Sidney Crosby.
15:32 of 3rd period - Shot Misses the Net.
15:34 of 3rd period - Shot by Scott Hannan.
15:34 of 3rd period - Shot Misses the Net.
15:36 of 3rd period - Shot by Marian Hossa.
15:36 of 3rd period - Shot Blocked by Marc-Andre Bergeron.
15:38 of 3rd period - Shot by Marian Hossa.
15:38 of 3rd period - Stopped by Kari Lehtonen without a rebound.
15:39 of 3rd period - Kris Draper wins face-off versus Rostislav Olesz in Senators zone.
15:52 of 3rd period - Shot by Rostislav Olesz.
15:52 of 3rd period - Shot Misses the Net.
15:55 of 3rd period - Minor Penalty to Kris Draper for Cross-checking.
15:56 of 3rd period - Evgeni Malkin wins face-off versus Antoine Vermette in Penguins zone.
16:11 of 3rd period - Shot by Dustin Penner.
16:11 of 3rd period - Shot Misses the Net.
16:13 of 3rd period - Shot by Dan Hamhuis.
16:13 of 3rd period - Stopped by Marc-Andre Fleury with a rebound.
16:17 of 3rd period - Shot by Jean-Pierre Dumont.
16:17 of 3rd period - Shot Blocked by Evgeni Malkin.
16:21 of 3rd period - Shot by Jean-Pierre Dumont.
16:21 of 3rd period - Shot Blocked by Glen Wesley.
17:13 of 3rd period - Shot by Mike Cammalleri.
17:13 of 3rd period - Shot Misses the Net.
18:00 of 3rd period - Icing by Martin Lapointe.
18:01 of 3rd period - Kris Draper wins face-off versus Chris Kelly in Penguins zone.
18:03 of 3rd period - Icing by Martin Lapointe.
18:04 of 3rd period - Kris Draper wins face-off versus Rostislav Olesz in Penguins zone.
18:15 of 3rd period - Shot by Rostislav Olesz.
18:15 of 3rd period - Shot Blocked by Mark Bell.
18:17 of 3rd period - Shot by Tom Preissing.
18:17 of 3rd period - Shot Misses the Net.
18:18 of 3rd period - Minor Penalty to Kris Draper for Hooking.
18:19 of 3rd period - Sidney Crosby wins face-off versus Jason Spezza in Penguins zone.
19:05 of 3rd period - Shot by Dustin Penner.
19:05 of 3rd period - Stopped by Marc-Andre Fleury without a rebound.
19:06 of 3rd period - Antoine Vermette wins face-off versus Jere Lehtinen in Penguins zone.


Output by the SimonT Hockey Simulator (STHS) for Stephane Roy -- Original Page W3C XHTML 1.0 Valid